 Dungeon Crawl Stone Soup version 0.31-a0-640-g39d97e502b (webtiles) character file.

Game seed: 11081969162221226278

56 kuroneko the Ruffian (level 3, 0/33 HPs)
             Began as a Ghoul Cinder Acolyte on Aug 28, 2023.
             Was a High Priest of Ignis.
             Slain by Sigmund
             ... wielding a +0 scythe
              (7 damage)
             ... on level 2 of the Dungeon.
             The game lasted 00:17:57 (1319 turns).

kuroneko the Ruffian (Ghoul Cinder Acolyte)         Turns: 1319, Time: 00:17:57

Health: 0/33       AC:  9    Str: 19    XL:     3   Next: 97%
Magic:  3/3        EV:  7    Int:  9    God:    Ignis [*****.]
Gold:   77         SH:  5    Dex:  4    Spells: 4/4 levels left

rFire   + .          .
                       - Unarmed
rCold   + . .        (no shield)
rNeg    + + +        d - +1 chain mail
rPois   ∞            (no helmet)
rElec   .            (no cloak)
rCorr   .            (no gloves)
SInv    .            (no boots)
Will    .....        o - amulet of reflection Stlth
                     (no ring)
HPRegen 0.00/turn    (no ring)
MPRegen 0.08/turn

%: reflection
@: inhibited regen
A: claws 1, cold resistance 1, negative energy resistance 3, inhibited
regeneration, torment resistance 2, devour on kill
a: Renounce Religion, Fiery Armour, Foxfire Swarm, Rising Flame


You were on level 2 of the Dungeon.
You worshipped Ignis.
Ignis was extremely pleased with you.
You visited 1 branch of the dungeon, and saw 2 of its levels.

You collected 77 gold pieces.

Inventory:

Hand Weapons
 b - a +0 short sword
 h - a +0 short sword
 m - a +0 spear of chaos
Missiles
 q - 4 poisoned darts
Armour
 a - a +0 robe
 c - a +0 leather armour
 d - a +1 chain mail (worn)
 e - a +0 ring mail
 i - a +0 helmet
 k - a +0 scale mail
 r - a +0 leather armour
Jewellery
 o - an amulet of reflection (around neck)
Scrolls
 f - 2 scrolls of identify
 g - 3 scrolls of teleportation
Potions
 n - a potion of haste {unknown}
 p - a potion of brilliance {unknown}
 s - a potion of might {unknown}


   Skills:
 + Level 3.9 Fighting
 + Level 0.1 Armour
 + Level 0.5 Dodging
 + Level 4.3 Unarmed Combat
 + Level 1.0 Spellcasting
 + Level 2.6 Fire Magic


You had 4 spell levels left.
You didn't know any spells.
Your spell library contained the following spells:

 Spells                   Type           Power      Damage    Failure   Level
 Scorch                   Fire           10%        2d5       88%         2


Dungeon Overview and Level Annotations

Branches:
Dungeon (2/15)

Altars:

Annotations:
D:2 Sigmund


Innate Abilities, Weirdness & Mutations

You are immune to poison.
You have sharp fingernails.
Your flesh is cold resistant. (rC+)
You are immune to negative energy. (rN+++)
You do not regenerate when monsters are visible.
You are immune to unholy pain and torment.
You thrive by killing the living.


Message History

Deactivating autopickup; reactivate with Ctrl-A.
The endoplasm quivers.
You feel less confused. Something hits you!
There is a huge open gate here.
An endoplasm is nearby!
An endoplasm is nearby!
An endoplasm is nearby!
An endoplasm is nearby!
An endoplasm is nearby!
Something hits you.
There is a huge open gate here.
There is a huge open gate, spattered with blood here.
Things that are here:
12 gold pieces; a hobgoblin corpse You block something's attack.
There is a huge open gate here.
Something hits you!
* * * LOW HITPOINT WARNING * * *
There is a huge open gate here.
You scratch the endoplasm.
The endoplasm is moderately wounded.
The endoplasm hits you but does no damage.
You scratch the endoplasm.
You kill the endoplasm!
You feel better. You block something's attack. You block something's attack.
There is a huge open gate here.
There is a huge open gate here.
Something hits you but does no damage.
There is a huge open gate here.
Unknown command.
You block something's attack.
There is a faded altar of an unknown god here.
You claw something! You claw something!
You hear some strange, mumbled words.
Something tries to affect you, but you resist.
You closely miss something. Something hits you!
You die...

#.. #........# #.# #...
#........# #.#
##....###.......###.#
.'....+.........†..>#
#......#.......###.#
##....#.....†...# #.#
......'''''.....###'#####
#.....''{'$.#####........
......''@''.#.. #........
#....'''''.#...#........
#....'''''##...#........
#.......................
#....####.######........
#.... #.# #........ #....
#.. ..#.#.##### .....
#### #.#....^... .....
..#......#.


There were no monsters in sight!

Vanquished Creatures
  An adder (D:2)
  2 dart slugs (D:2)
  4 bats
  6 endoplasms
  2 giant cockroaches
  8 hobgoblins
  2 jackals (D:1)
  3 quokkas
  5 ball pythons
  6 frilled lizards
  A kobold (D:1)
40 creatures vanquished.

Notes
Turn   | Place    | Note
-------+----------+-------------------------------------------
     0 | D:1      | kuroneko the Ghoul Cinder Acolyte began the quest for the
                  | Orb.
     0 | D:1      | Reached XP level 1. HP: 19/19 MP: 1/1
   147 | D:1      | Reached XP level 2. HP: 25/26 MP: 2/2
   583 | D:1      | Reached XP level 3. HP: 33/33 MP: 3/3
   883 | D:2      | Noticed Sigmund
  1283 | D:2      | Reached skill level 4 in Unarmed Combat
  1287 | D:2      | Found a faded altar of an unknown god.
  1319 | D:2      | Slain by Sigmund

Illustrated notes

Levels and vault maps discovered:
D:1:      minmay_arrival_nine_rooms, layout_loops_ring, minmay_quantized
D:2:      layout_basic, hellmonk_ecumenical_altar_heavens_door, serial_shops,
          shop, kennysheep_small_spiral, uniq_sigmund

Skill      XL: |  1  2  3 |
---------------+----------+-----
Unarmed Combat | 4 |  4.3
Fighting       | |  3.9
Armour         | |  0.1
Dodging        | |  0.5
Spellcasting   | |  1.0
Fire Magic     | |  2.6

Action                     || total
---------------------------++-------
  Melee: Unarmed           ||   130
         Punch             ||     4
    Use: Scroll            ||     5
 Armour: Robe              ||    17
         Chain mail        ||    13
  Dodge: Dodged            ||    76
  Block: Other             ||    13

Table legend: (Time is in decaauts)
 A = Elapsed time spent in this place.
 B = Non-inter-level travel time spent in this place.
 C = Inter-level travel time spent in this place.
 D = Time resting spent in this place.
 E = Time spent auto-exploring this place.
 F = Levels seen in this place.
 G = Mean time per level.
                   A        B        C        D        E       F      G
               +--------+--------+--------+--------+--------+-----+--------+
         Total |   1310 |    371 |    939 |      0 |      0 |   2 |  655.0 |
       Dungeon |   1310 |    371 |    939 |      0 |      0 |   2 |  655.0 |
               +--------+--------+--------+--------+--------+-----+--------+

Top non-repeatable levels by time:
     D:1: 854 daAuts
     D:2: 455 daAuts
